[ AOE2 MATCH · #471424215 ]
UnrankedKhmer vs Teutons
[ REPLAY ANALYSIS · EXTRACTED FROM THE RECORDED GAME ]
Feudal
—
Castle
—
Imperial
—
| APM avg | 20.0 |
| APM peak | 56 |
| eAPM avg | 18.7 |
| Villagers / military | 372 / 2454 |
Focus
⚔️ 61.0% · 🌾 39.0%
Scorpion ×805 · Battle Elephant ×633 · Ballista Elephant ×592 · Spearman ×424 · Trade Cart ×125
Feudal
—
Castle
—
Imperial
—
| APM avg | 65.5 |
| APM peak | 193 |
| eAPM avg | 61.6 |
| Villagers / military | 548 / 2761 |
Focus
⚔️ 57.7% · 🌾 42.3%
Camel Scout ×2010 · Scorpion ×476 · Mangonel ×165 · Trade Cart ×135 · Scout Cavalry ×105 · Knight ×5
Feudal
—
Castle
—
Imperial
—
| APM avg | 59.9 |
| APM peak | 129 |
| eAPM avg | 50.7 |
| Villagers / military | 349 / 3188 |
Focus
⚔️ 66.2% · 🌾 33.8%
Knight ×1596 · Teutonic Knight ×584 · Spearman ×461 · Mangonel ×251 · Trade Cart ×155 · Scorpion ×146
Feudal
—
Castle
—
Imperial
—
| APM avg | 85.2 |
| APM peak | 226 |
| eAPM avg | 77.2 |
| Villagers / military | 242 / 1298 |
Focus
⚔️ 42.8% · 🌾 57.2%
Scorpion ×518 · Centurion ×276 · Spearman ×214 · Trade Cart ×137 · Mangonel ×116 · Trebuchet (Packed) ×91
Feudal
—
Castle
—
Imperial
—
| APM avg | 22.9 |
| APM peak | 74 |
| eAPM avg | 20.0 |
| Villagers / military | 104 / 2480 |
Focus
⚔️ 58.6% · 🌾 41.4%
Knight ×1309 · Spearman ×562 · Teutonic Knight ×494 · Trade Cart ×113 · Scout Cavalry ×85 · Bombard Cannon ×30
Feudal
—
Castle
—
Imperial
—
| APM avg | 50.7 |
| APM peak | 160 |
| eAPM avg | 49.9 |
| Villagers / military | 132 / 2344 |
Focus
⚔️ 80.7% · 🌾 19.3%
Scout Cavalry ×768 · Spearman ×632 · Knight ×461 · Battle Elephant ×279 · Ballista Elephant ×164 · Trade Cart ×42
Feudal
—
Castle
—
Imperial
—
| APM avg | 35.9 |
| APM peak | 474 |
| eAPM avg | 33.3 |
| Villagers / military | 376 / 1988 |
Focus
⚔️ 57.0% · 🌾 43.0%
Spearman ×834 · Knight ×684 · Teutonic Knight ×250 · Trade Cart ×96 · Mangonel ×95 · Scorpion ×55
Feudal
—
Castle
—
Imperial
—
| APM avg | 36.0 |
| APM peak | 127 |
| eAPM avg | 34.7 |
| Villagers / military | 174 / 1244 |
Focus
⚔️ 61.9% · 🌾 38.1%
Battle Elephant ×566 · Ballista Elephant ×402 · Trade Cart ×169 · Mangonel ×153 · Scorpion ×110 · Scout Cavalry ×10
Match map
Initial resources + every placement click. Lines = walls · curves = elevation contours. ◆ gold · ⬟ stone · ● berries · ✦ relic · ◌ wall gap
Your base· ✓ Map-separated
mark.adverai's base· ✓ Map-separated
St Johns Noob's base· ✓ Map-separated
Legolas's base· ✓ Map-separated
isegrim64's base· ✓ Map-separated
Luxor's base· ✓ Map-separated
visorvoyager's base· ✓ Map-separated
Scrotus Maxis's base· ✓ Map-separated
Smoothed initial terrain · ◌ = detected wall gap · hover for details
Inputs per minute
— IsaacNewton - - mark.adverai
Build order — IsaacNewton
First 150 of 881 actions detected
| 0:30 | Build | Town Center |
| 0:34 | Build | Town Center |
| 0:48 | Build | Town Center |
| 0:51 | Build | Town Center |
| 1:06 | Build | Market |
| 1:07 | Build | Market |
| 1:09 | Build | Market |
| 1:12 | Build | Market |
| 1:13 | Build | Market |
| 1:31 | Build | House |
| 1:32 | Build | House |
| 1:33 | Build | House |
| 1:35 | Build | House |
| 1:36 | Build | House |
| 1:37 | Build | House |
| 1:37 | Build | House |
| 1:38 | Build | House |
| 1:41 | Build | House |
| 1:44 | Build | House |
| 1:45 | Build | House |
| 1:47 | Build | House |
| 1:51 | Build | House |
| 1:53 | Build | House |
| 1:54 | Build | House |
| 1:55 | Build | House |
| 1:57 | Build | House |
| 1:59 | Build | House |
| 2:01 | Build | House |
| 2:02 | Build | House |
| 2:04 | Build | House |
| 2:08 | Create | Villager (Male) ×5 |
| 2:08 | Create | Villager (Male) ×5 |
| 2:09 | Create | Villager (Male) ×5 |
| 2:09 | Create | Villager (Male) ×5 |
| 2:09 | Create | Villager (Male) ×5 |
| 2:17 | Create | Villager (Male) ×5 |
| 2:17 | Create | Villager (Male) ×5 |
| 2:17 | Create | Villager (Male) ×5 |
| 2:18 | Create | Villager (Male) ×5 |
| 2:18 | Create | Villager (Male) ×5 |
| 2:23 | Create | Villager (Male) ×5 |
| 2:23 | Create | Villager (Male) ×5 |
| 2:24 | Create | Villager (Male) ×5 |
| 2:24 | Create | Villager (Male) ×5 |
| 2:24 | Create | Villager (Male) ×5 |
| 2:55 | Create | Villager (Male) ×5 |
| 2:56 | Create | Villager (Male) ×5 |
| 2:56 | Create | Villager (Male) ×5 |
| 2:56 | Create | Villager (Male) ×5 |
| 3:01 | Create | Villager (Male) |
| 3:02 | Create | Villager (Male) |
| 3:03 | Create | Villager (Male) |
| 3:04 | Create | Villager (Male) |
| 3:06 | Create | Villager (Male) ×5 |
| 3:06 | Create | Villager (Male) ×5 |
| 3:07 | Create | Villager (Male) ×5 |
| 3:07 | Create | Villager (Male) ×5 |
| 3:07 | Create | Villager (Male) ×5 |
| 3:33 | Build | Lumber Camp |
| 4:17 | Create | Villager (Male) ×5 |
| 4:17 | Create | Villager (Male) ×5 |
| 4:18 | Create | Villager (Male) ×5 |
| 4:18 | Create | Villager (Male) ×5 |
| 4:27 | Build | Mining Camp |
| 4:35 | Build | Mining Camp |
| 4:40 | Build | Mining Camp |
| 4:45 | Build | Mining Camp |
| 4:49 | Build | Mining Camp |
| 5:06 | Build | Castle |
| 5:08 | Build | Castle |
| 5:10 | Build | Castle |
| 5:13 | Build | Castle |
| 5:23 | Create | Villager (Male) ×5 |
| 5:23 | Create | Villager (Male) ×5 |
| 5:24 | Create | Villager (Male) ×5 |
| 5:24 | Create | Villager (Male) |
| 5:46 | Build | Stone Wall |
| 5:52 | Build | Gate |
| 5:54 | Build | Gate |
| 5:55 | Build | Gate |
| 5:58 | Build | Gate |
| 6:00 | Build | Gate |
| 6:06 | Create | Villager (Male) ×5 |
| 6:06 | Create | Villager (Male) ×5 |
| 6:06 | Create | Villager (Male) ×5 |
| 6:07 | Create | Villager (Male) ×2 |
| 6:07 | Create | Villager (Male) ×2 |
| 6:15 | Build | Farm |
| 6:17 | Build | Farm |
| 6:18 | Build | Farm |
| 6:20 | Build | Farm |
| 6:22 | Build | Farm |
| 6:23 | Build | Farm |
| 6:24 | Build | Farm |
| 6:25 | Build | Farm |
| 6:28 | Build | Farm |
| 6:33 | Create | Villager (Male) ×5 |
| 6:33 | Create | Villager (Male) ×5 |
| 6:33 | Create | Villager (Male) ×5 |
| 6:34 | Create | Villager (Male) ×5 |
| 6:55 | Build | House |
| 6:56 | Build | House |
| 6:57 | Build | House |
| 6:59 | Build | House |
| 7:00 | Build | House |
| 7:02 | Build | House |
| 7:03 | Build | House |
| 7:04 | Build | House |
| 7:08 | Build | House |
| 7:11 | Build | House |
| 7:15 | Build | House |
| 7:16 | Build | House |
| 7:17 | Build | House |
| 7:19 | Build | House |
| 7:19 | Build | House |
| 7:21 | Build | House |
| 7:25 | Build | Watch Tower |
| 7:28 | Create | Villager (Male) ×5 |
| 7:28 | Create | Villager (Male) ×5 |
| 7:29 | Create | Villager (Male) ×5 |
| 7:29 | Create | Villager (Male) |
| 7:30 | Create | Villager (Male) ×2 |
| 7:30 | Create | Villager (Male) ×2 |
| 7:31 | Create | Villager (Male) ×2 |
| 7:31 | Create | Villager (Male) |
| 7:32 | Create | Villager (Male) ×5 |
| 7:32 | Create | Villager (Male) ×5 |
| 7:32 | Create | Villager (Male) ×2 |
| 7:33 | Create | Villager (Male) ×5 |
| 7:36 | Create | Villager (Male) ×4 |
| 7:36 | Create | Villager (Male) ×4 |
| 7:36 | Create | Villager (Male) ×4 |
| 7:40 | Create | Villager (Male) |
| 7:48 | Build | Farm |
| 7:50 | Build | Farm |
| 7:51 | Build | Farm |
| 7:53 | Build | Farm |
| 7:56 | Build | Farm |
| 7:58 | Build | Farm |
| 8:00 | Build | Farm |
| 8:02 | Build | Farm |
| 8:03 | Build | Farm |
| 8:06 | Build | Farm |
| 8:09 | Build | Farm |
| 8:23 | Build | Castle |
| 8:25 | Build | Castle |
| 8:28 | Build | Castle |
| 8:29 | Build | Castle |
| 8:32 | Build | Castle |
| 9:05 | Build | Lumber Camp |
Build order — mark.adverai
First 150 of 1332 actions detected
| 0:04 | Build | Town Center |
| 0:07 | Build | Town Center |
| 0:08 | Build | Town Center |
| 0:10 | Build | Town Center |
| 0:11 | Build | Town Center |
| 0:13 | Build | Town Center |
| 0:14 | Build | Town Center |
| 0:15 | Build | Town Center |
| 0:18 | Build | Town Center |
| 0:20 | Build | Town Center |
| 0:22 | Build | Town Center |
| 0:24 | Build | Town Center |
| 0:25 | Build | Town Center |
| 0:29 | Build | Town Center |
| 0:31 | Build | Town Center |
| 0:32 | Build | Town Center |
| 0:35 | Build | Town Center |
| 0:37 | Build | Town Center |
| 0:39 | Build | Town Center |
| 0:40 | Build | Town Center |
| 0:42 | Build | Town Center |
| 0:44 | Create | Villager (Male) ×5 |
| 0:45 | Create | Villager (Male) ×5 |
| 0:49 | Create | Villager (Male) |
| 0:49 | Create | Villager (Male) |
| 0:50 | Create | Villager (Male) |
| 0:50 | Create | Villager (Male) |
| 0:51 | Create | Villager (Male) |
| 0:52 | Create | Villager (Male) |
| 0:52 | Create | Villager (Male) |
| 0:52 | Create | Villager (Male) |
| 0:56 | Create | Villager (Male) ×5 |
| 0:56 | Create | Villager (Male) ×5 |
| 1:10 | Build | House |
| 1:12 | Build | House |
| 1:12 | Build | House |
| 1:12 | Build | House |
| 1:12 | Build | House |
| 1:13 | Build | House |
| 1:13 | Build | House |
| 1:14 | Build | House |
| 1:15 | Build | House |
| 1:15 | Build | House |
| 1:16 | Build | House |
| 1:16 | Build | House |
| 1:16 | Build | House |
| 1:16 | Build | House |
| 1:17 | Build | House |
| 1:22 | Build | Town Center |
| 1:23 | Build | Town Center |
| 1:25 | Build | Town Center |
| 1:27 | Build | Town Center |
| 1:29 | Build | Town Center |
| 1:54 | Create | Villager (Male) ×5 |
| 1:55 | Create | Villager (Male) ×5 |
| 1:55 | Create | Villager (Male) ×5 |
| 2:03 | Create | Villager (Male) ×5 |
| 2:03 | Create | Villager (Male) ×5 |
| 2:12 | Build | Town Center |
| 2:14 | Build | Town Center |
| 2:14 | Build | Town Center |
| 2:15 | Build | Town Center |
| 2:15 | Build | Town Center |
| 2:15 | Build | Town Center |
| 2:17 | Build | Town Center |
| 2:17 | Build | Town Center |
| 2:18 | Build | Town Center |
| 2:21 | Create | Villager (Male) ×5 |
| 2:22 | Create | Villager (Male) ×5 |
| 2:22 | Create | Villager (Male) ×5 |
| 2:23 | Create | Villager (Male) ×5 |
| 2:35 | Build | Town Center |
| 2:36 | Build | Town Center |
| 2:36 | Build | Town Center |
| 2:43 | Create | Villager (Male) ×5 |
| 2:43 | Create | Villager (Male) ×5 |
| 2:43 | Create | Villager (Male) ×5 |
| 2:46 | Create | Villager (Male) ×5 |
| 2:47 | Create | Villager (Male) ×5 |
| 2:47 | Create | Villager (Male) ×5 |
| 2:56 | Create | Villager (Male) ×5 |
| 2:57 | Create | Villager (Male) ×5 |
| 3:02 | Build | Town Center |
| 3:05 | Create | Villager (Male) ×5 |
| 3:05 | Create | Villager (Male) ×5 |
| 3:09 | Build | Town Center |
| 3:10 | Build | Town Center |
| 3:14 | Create | Villager (Male) ×5 |
| 3:14 | Create | Villager (Male) ×5 |
| 3:21 | Build | Market |
| 3:23 | Build | Market |
| 3:27 | Create | Villager (Male) ×5 |
| 3:27 | Create | Villager (Male) ×5 |
| 3:27 | Create | Villager (Male) ×5 |
| 4:02 | Create | Villager (Male) ×5 |
| 4:02 | Create | Villager (Male) ×5 |
| 4:03 | Create | Villager (Male) ×5 |
| 4:05 | Create | Villager (Male) ×5 |
| 4:05 | Create | Villager (Male) ×5 |
| 4:17 | Create | Villager (Male) ×5 |
| 4:17 | Create | Villager (Male) ×5 |
| 4:39 | Create | Villager (Male) ×5 |
| 4:39 | Create | Villager (Male) ×5 |
| 4:42 | Create | Villager (Male) ×5 |
| 4:44 | Build | Lumber Camp |
| 4:45 | Build | Lumber Camp |
| 4:48 | Build | House |
| 4:50 | Build | House |
| 4:50 | Build | House |
| 4:50 | Build | House |
| 4:50 | Build | House |
| 4:51 | Build | House |
| 4:51 | Build | House |
| 4:51 | Build | House |
| 4:58 | Build | House |
| 4:59 | Build | House |
| 4:59 | Build | House |
| 4:59 | Build | House |
| 5:00 | Build | House |
| 5:00 | Build | House |
| 5:00 | Build | House |
| 5:01 | Build | House |
| 5:01 | Build | House |
| 5:02 | Build | House |
| 5:04 | Build | House |
| 5:05 | Build | House |
| 5:05 | Build | House |
| 5:05 | Build | House |
| 5:06 | Build | House |
| 5:06 | Build | House |
| 5:06 | Build | House |
| 5:06 | Build | House |
| 5:13 | Build | Siege Workshop |
| 5:16 | Build | Siege Workshop |
| 5:18 | Build | Siege Workshop |
| 5:19 | Build | Siege Workshop |
| 5:24 | Create | Villager (Male) ×5 |
| 5:24 | Create | Villager (Male) ×5 |
| 5:24 | Create | Villager (Male) ×5 |
| 5:26 | Build | Mining Camp |
| 5:38 | Build | Mining Camp |
| 5:46 | Build | Mining Camp |
| 5:49 | Build | Mining Camp |
| 5:51 | Create | Villager (Male) ×5 |
| 5:51 | Create | Villager (Male) ×5 |
| 5:51 | Create | Villager (Male) ×5 |
| 5:58 | Build | Mining Camp |
| 6:07 | Build | Mining Camp |
| 6:09 | Create | Villager (Male) ×5 |
| 6:09 | Create | Villager (Male) ×5 |
Build order — St Johns Noob
First 150 of 1121 actions detected
| 0:06 | Build | Town Center |
| 0:06 | Build | Town Center |
| 0:07 | Build | Town Center |
| 0:07 | Build | Town Center |
| 0:07 | Build | Town Center |
| 0:08 | Build | Town Center |
| 0:08 | Build | Town Center |
| 0:08 | Build | Town Center |
| 0:09 | Build | Town Center |
| 0:09 | Build | Town Center |
| 0:09 | Build | Town Center |
| 0:10 | Build | Town Center |
| 0:10 | Build | Town Center |
| 0:11 | Build | Town Center |
| 0:11 | Build | Town Center |
| 0:12 | Build | Town Center |
| 0:12 | Build | Town Center |
| 0:13 | Build | Town Center |
| 0:13 | Build | Town Center |
| 0:14 | Build | Town Center |
| 0:14 | Build | Town Center |
| 0:14 | Build | Town Center |
| 0:15 | Build | Town Center |
| 0:16 | Build | Town Center |
| 0:16 | Build | Town Center |
| 0:16 | Build | Town Center |
| 0:17 | Build | Town Center |
| 0:17 | Build | Town Center |
| 0:18 | Build | Town Center |
| 0:19 | Build | Town Center |
| 0:19 | Build | Town Center |
| 0:20 | Build | Town Center |
| 0:20 | Build | Town Center |
| 0:21 | Build | Town Center |
| 0:21 | Build | Town Center |
| 0:21 | Build | Town Center |
| 0:23 | Build | Town Center |
| 0:24 | Build | Town Center |
| 0:24 | Build | Town Center |
| 0:24 | Build | Town Center |
| 0:25 | Build | Town Center |
| 0:25 | Build | Town Center |
| 0:25 | Build | Town Center |
| 0:26 | Build | Town Center |
| 0:26 | Build | Town Center |
| 0:29 | Build | Town Center |
| 0:29 | Build | Town Center |
| 0:30 | Build | Town Center |
| 0:30 | Build | Town Center |
| 0:32 | Build | Town Center |
| 0:33 | Build | Town Center |
| 0:33 | Build | Town Center |
| 0:33 | Build | Town Center |
| 0:36 | Build | Town Center |
| 0:36 | Build | Town Center |
| 0:36 | Build | Town Center |
| 0:37 | Build | Town Center |
| 0:37 | Build | Town Center |
| 0:37 | Build | Town Center |
| 0:40 | Create | Villager (Male) |
| 0:40 | Create | Villager (Male) |
| 0:41 | Create | Villager (Male) |
| 0:41 | Create | Villager (Male) |
| 0:42 | Create | Villager (Male) |
| 0:42 | Create | Villager (Male) |
| 0:42 | Create | Villager (Male) |
| 0:43 | Create | Villager (Male) |
| 0:43 | Create | Villager (Male) |
| 0:44 | Create | Villager (Male) |
| 0:44 | Create | Villager (Male) |
| 0:44 | Create | Villager (Male) |
| 0:45 | Create | Villager (Male) |
| 0:59 | Create | Villager (Male) |
| 0:59 | Create | Villager (Male) |
| 1:00 | Create | Villager (Male) |
| 1:00 | Create | Villager (Male) |
| 1:01 | Create | Villager (Male) |
| 1:01 | Create | Villager (Male) |
| 1:02 | Create | Villager (Male) |
| 1:02 | Create | Villager (Male) |
| 1:16 | Create | Villager (Male) |
| 1:16 | Create | Villager (Male) |
| 1:17 | Create | Villager (Male) |
| 1:17 | Create | Villager (Male) |
| 1:18 | Create | Villager (Male) |
| 1:18 | Create | Villager (Male) |
| 1:21 | Create | Villager (Male) |
| 1:21 | Create | Villager (Male) |
| 1:22 | Create | Villager (Male) |
| 1:24 | Create | Villager (Male) |
| 1:24 | Create | Villager (Male) |
| 1:24 | Create | Villager (Male) |
| 1:37 | Create | Villager (Male) |
| 1:37 | Create | Villager (Male) |
| 1:38 | Create | Villager (Male) |
| 1:38 | Create | Villager (Male) |
| 1:39 | Create | Villager (Male) |
| 1:39 | Create | Villager (Male) |
| 1:58 | Build | House |
| 1:59 | Build | House |
| 2:00 | Build | House |
| 2:01 | Build | House |
| 2:02 | Build | House |
| 2:03 | Build | House |
| 2:05 | Build | House |
| 2:06 | Build | House |
| 2:07 | Build | House |
| 2:08 | Build | House |
| 2:09 | Build | House |
| 2:11 | Build | House |
| 2:12 | Build | House |
| 2:13 | Build | House |
| 2:14 | Build | House |
| 2:15 | Build | House |
| 2:18 | Build | House |
| 2:19 | Build | House |
| 2:22 | Build | House |
| 2:23 | Build | House |
| 2:24 | Build | House |
| 2:39 | Build | House |
| 2:40 | Build | House |
| 2:42 | Build | House |
| 2:43 | Build | House |
| 2:44 | Build | House |
| 2:46 | Build | House |
| 2:49 | Build | House |
| 2:50 | Build | House |
| 2:52 | Build | House |
| 2:54 | Build | House |
| 2:55 | Build | House |
| 2:57 | Build | House |
| 2:58 | Build | House |
| 3:00 | Build | House |
| 3:03 | Build | House |
| 3:31 | Create | Villager (Male) ×5 |
| 3:31 | Create | Villager (Male) ×5 |
| 3:32 | Create | Villager (Male) ×5 |
| 3:32 | Create | Villager (Male) ×5 |
| 3:32 | Create | Villager (Male) ×5 |
| 3:33 | Create | Villager (Male) ×5 |
| 3:33 | Create | Villager (Male) ×5 |
| 3:33 | Create | Villager (Male) ×5 |
| 3:34 | Create | Villager (Male) ×5 |
| 3:34 | Create | Villager (Male) ×5 |
| 3:34 | Create | Villager (Male) ×5 |
| 3:34 | Create | Villager (Male) ×5 |
| 3:35 | Create | Villager (Male) ×5 |
| 3:35 | Create | Villager (Male) ×5 |
| 3:35 | Create | Villager (Male) ×5 |
| 3:36 | Create | Villager (Male) ×5 |
Build order — Legolas
First 150 of 2025 actions detected
| 0:02 | Create | Villager (Male) |
| 0:03 | Create | Villager (Male) |
| 0:03 | Create | Villager (Male) |
| 0:03 | Create | Villager (Male) |
| 0:04 | Create | Villager (Male) |
| 0:04 | Create | Villager (Male) |
| 0:04 | Create | Villager (Male) |
| 0:04 | Create | Villager (Male) |
| 0:05 | Create | Villager (Male) |
| 0:05 | Create | Villager (Male) |
| 0:05 | Create | Villager (Male) |
| 0:06 | Create | Villager (Male) |
| 0:06 | Create | Villager (Male) |
| 0:06 | Create | Villager (Male) |
| 0:07 | Create | Villager (Male) |
| 0:20 | Build | Town Center |
| 0:21 | Build | Town Center |
| 0:23 | Build | Town Center |
| 0:25 | Build | Town Center |
| 0:27 | Build | Town Center |
| 0:30 | Build | Town Center |
| 0:32 | Build | Town Center |
| 0:52 | Build | Market |
| 0:55 | Build | Market |
| 0:58 | Build | Market |
| 1:01 | Build | Market |
| 1:35 | Build | Stone Wall |
| 1:55 | Create | Villager (Male) |
| 1:56 | Create | Villager (Male) |
| 1:56 | Create | Villager (Male) |
| 1:56 | Create | Villager (Male) |
| 1:57 | Create | Villager (Male) |
| 1:57 | Create | Villager (Male) |
| 1:57 | Create | Villager (Male) |
| 1:58 | Create | Villager (Male) |
| 1:58 | Create | Villager (Male) |
| 1:58 | Create | Villager (Male) |
| 1:59 | Create | Villager (Male) |
| 1:59 | Create | Villager (Male) |
| 1:59 | Create | Villager (Male) |
| 2:00 | Create | Villager (Male) |
| 2:00 | Create | Villager (Male) |
| 2:00 | Create | Villager (Male) |
| 2:01 | Create | Villager (Male) |
| 2:01 | Create | Villager (Male) |
| 2:01 | Create | Villager (Male) |
| 2:02 | Create | Villager (Male) |
| 2:02 | Create | Villager (Male) |
| 2:02 | Create | Villager (Male) |
| 2:03 | Create | Villager (Male) |
| 2:03 | Create | Villager (Male) |
| 2:03 | Create | Villager (Male) |
| 2:09 | Create | Villager (Male) |
| 2:10 | Create | Villager (Male) |
| 2:10 | Create | Villager (Male) |
| 2:11 | Create | Villager (Male) |
| 2:11 | Create | Villager (Male) |
| 2:11 | Create | Villager (Male) |
| 2:12 | Create | Villager (Male) |
| 2:12 | Create | Villager (Male) |
| 2:12 | Create | Villager (Male) |
| 2:13 | Create | Villager (Male) |
| 2:23 | Build | Market |
| 2:25 | Build | Market |
| 2:26 | Build | Market |
| 2:28 | Build | Market |
| 2:44 | Build | Gate |
| 2:46 | Build | Gate |
| 2:48 | Build | Gate |
| 2:50 | Build | Gate |
| 3:09 | Build | House |
| 3:10 | Build | House |
| 3:12 | Build | House |
| 3:13 | Build | House |
| 3:14 | Build | House |
| 3:29 | Build | House |
| 3:30 | Build | House |
| 3:31 | Build | House |
| 3:32 | Build | House |
| 3:33 | Build | House |
| 3:35 | Build | House |
| 3:36 | Build | House |
| 3:37 | Build | House |
| 3:39 | Build | House |
| 3:40 | Build | House |
| 3:41 | Build | House |
| 3:42 | Build | House |
| 3:45 | Build | House |
| 4:12 | Create | Villager (Male) |
| 4:13 | Create | Villager (Male) |
| 4:13 | Create | Villager (Male) |
| 4:13 | Create | Villager (Male) |
| 4:14 | Create | Villager (Male) |
| 4:14 | Create | Villager (Male) |
| 4:14 | Create | Villager (Male) |
| 4:15 | Create | Villager (Male) |
| 4:15 | Create | Villager (Male) |
| 4:15 | Create | Villager (Male) |
| 4:16 | Create | Villager (Male) |
| 4:16 | Create | Villager (Male) |
| 4:16 | Create | Villager (Male) |
| 4:17 | Create | Villager (Male) |
| 4:17 | Create | Villager (Male) |
| 4:18 | Create | Villager (Male) |
| 4:18 | Create | Villager (Male) |
| 4:18 | Create | Villager (Male) |
| 4:19 | Create | Villager (Male) |
| 4:19 | Create | Villager (Male) |
| 4:19 | Create | Villager (Male) |
| 4:20 | Create | Villager (Male) |
| 4:20 | Create | Villager (Male) |
| 4:21 | Create | Villager (Male) |
| 4:21 | Create | Villager (Male) |
| 4:21 | Create | Villager (Male) |
| 4:22 | Create | Villager (Male) |
| 4:22 | Create | Villager (Male) |
| 4:22 | Create | Villager (Male) |
| 4:23 | Create | Villager (Male) |
| 4:23 | Create | Villager (Male) |
| 4:23 | Create | Villager (Male) |
| 4:24 | Create | Villager (Male) |
| 4:24 | Create | Villager (Male) |
| 4:24 | Create | Villager (Male) |
| 4:25 | Create | Villager (Male) |
| 4:25 | Create | Villager (Male) |
| 4:25 | Create | Villager (Male) |
| 4:26 | Create | Villager (Male) |
| 4:26 | Create | Villager (Male) |
| 4:26 | Create | Villager (Male) |
| 4:27 | Create | Villager (Male) |
| 4:27 | Create | Villager (Male) |
| 4:27 | Create | Villager (Male) |
| 4:28 | Create | Villager (Male) |
| 4:28 | Create | Villager (Male) |
| 4:28 | Create | Villager (Male) |
| 4:29 | Create | Villager (Male) |
| 4:29 | Create | Villager (Male) |
| 4:29 | Create | Villager (Male) |
| 4:30 | Create | Villager (Male) |
| 4:30 | Create | Villager (Male) |
| 4:30 | Create | Villager (Male) |
| 4:31 | Create | Villager (Male) |
| 4:31 | Create | Villager (Male) |
| 4:31 | Create | Villager (Male) |
| 4:32 | Create | Villager (Male) |
| 4:32 | Create | Villager (Male) |
| 4:33 | Create | Villager (Male) |
| 4:33 | Create | Villager (Male) |
| 4:33 | Create | Villager (Male) |
| 4:34 | Create | Villager (Male) |
Build order — isegrim64
First 150 of 911 actions detected
| 0:10 | Build | Town Center |
| 0:12 | Build | Town Center |
| 0:15 | Build | Town Center |
| 0:33 | Build | Town Center |
| 0:42 | Build | Town Center |
| 1:04 | Build | Town Center |
| 1:13 | Create | Villager (Male) |
| 1:14 | Create | Villager (Male) |
| 1:14 | Create | Villager (Male) |
| 1:15 | Create | Villager (Male) |
| 1:15 | Create | Villager (Male) |
| 1:15 | Create | Villager (Male) |
| 1:16 | Create | Villager (Male) |
| 1:16 | Create | Villager (Male) |
| 1:16 | Create | Villager (Male) |
| 1:17 | Create | Villager (Male) |
| 1:27 | Create | Villager (Male) |
| 1:27 | Create | Villager (Male) |
| 1:27 | Create | Villager (Male) |
| 1:28 | Create | Villager (Male) |
| 1:28 | Create | Villager (Male) |
| 1:29 | Create | Villager (Male) |
| 1:29 | Create | Villager (Male) |
| 1:29 | Create | Villager (Male) |
| 1:30 | Create | Villager (Male) |
| 1:30 | Create | Villager (Male) |
| 1:30 | Create | Villager (Male) |
| 1:31 | Create | Villager (Male) |
| 1:31 | Create | Villager (Male) |
| 1:31 | Create | Villager (Male) |
| 1:32 | Create | Villager (Male) |
| 1:32 | Create | Villager (Male) |
| 1:41 | Create | Villager (Male) |
| 1:41 | Create | Villager (Male) |
| 1:42 | Create | Villager (Male) |
| 1:42 | Create | Villager (Male) |
| 1:42 | Create | Villager (Male) |
| 1:43 | Create | Villager (Male) |
| 1:43 | Create | Villager (Male) |
| 1:44 | Create | Villager (Male) |
| 1:51 | Create | Villager (Male) |
| 1:52 | Create | Villager (Male) |
| 1:52 | Create | Villager (Male) |
| 1:53 | Create | Villager (Male) |
| 1:53 | Create | Villager (Male) |
| 1:53 | Create | Villager (Male) |
| 1:54 | Create | Villager (Male) |
| 1:54 | Create | Villager (Male) |
| 1:54 | Create | Villager (Male) |
| 2:07 | Create | Villager (Male) |
| 2:07 | Create | Villager (Male) |
| 2:08 | Create | Villager (Male) |
| 2:08 | Create | Villager (Male) |
| 2:08 | Create | Villager (Male) |
| 2:09 | Create | Villager (Male) |
| 2:09 | Create | Villager (Male) |
| 2:10 | Create | Villager (Male) |
| 2:10 | Create | Villager (Male) |
| 2:10 | Create | Villager (Male) |
| 2:11 | Create | Villager (Male) |
| 2:11 | Create | Villager (Male) |
| 2:11 | Create | Villager (Male) |
| 2:12 | Create | Villager (Male) |
| 2:12 | Create | Villager (Male) |
| 2:37 | Build | Market |
| 2:40 | Build | Market |
| 2:45 | Build | Market |
| 2:56 | Build | Farm |
| 3:06 | Build | Town Center |
| 3:18 | Build | Farm |
| 3:29 | Create | Villager (Male) |
| 3:30 | Create | Villager (Male) |
| 3:30 | Create | Villager (Male) |
| 3:30 | Create | Villager (Male) |
| 3:31 | Create | Villager (Male) |
| 3:31 | Create | Villager (Male) |
| 3:32 | Create | Villager (Male) |
| 3:32 | Create | Villager (Male) |
| 3:32 | Create | Villager (Male) |
| 3:33 | Create | Villager (Male) |
| 3:33 | Create | Villager (Male) |
| 3:42 | Build | Farm |
| 4:11 | Build | Stone Wall |
| 4:28 | Build | Farm |
| 4:30 | Build | Farm |
| 4:31 | Build | Farm |
| 4:34 | Build | Farm |
| 4:48 | Build | House |
| 4:50 | Build | House |
| 4:52 | Build | House |
| 4:53 | Build | House |
| 4:55 | Build | House |
| 4:56 | Build | House |
| 4:58 | Build | House |
| 5:00 | Build | House |
| 5:02 | Build | House |
| 5:04 | Build | House |
| 5:21 | Create | Trade Cart ×5 |
| 5:21 | Create | Trade Cart ×5 |
| 5:21 | Create | Trade Cart ×5 |
| 5:34 | Create | Trade Cart ×5 |
| 5:34 | Create | Trade Cart ×5 |
| 5:34 | Create | Trade Cart ×5 |
| 5:49 | Create | Trade Cart ×5 |
| 5:49 | Create | Trade Cart ×5 |
| 5:49 | Create | Trade Cart ×5 |
| 5:59 | Build | Farm |
| 6:08 | Build | Farm |
| 6:32 | Build | Market |
| 6:48 | Build | Farm |
| 6:56 | Build | Farm |
| 7:12 | Build | Gate |
| 7:15 | Build | Gate |
| 7:17 | Build | Gate |
| 7:20 | Build | Gate |
| 7:22 | Build | Gate |
| 7:25 | Build | Gate |
| 7:47 | Build | Farm |
| 7:48 | Build | Farm |
| 7:52 | Build | Farm |
| 7:54 | Build | Farm |
| 7:56 | Build | Farm |
| 8:12 | Create | Trade Cart ×5 |
| 8:12 | Create | Trade Cart ×5 |
| 8:13 | Create | Trade Cart ×5 |
| 8:13 | Create | Trade Cart ×5 |
| 8:30 | Build | House |
| 8:32 | Build | House |
| 8:33 | Build | House |
| 8:42 | Build | House |
| 8:43 | Build | House |
| 8:47 | Build | House |
| 8:48 | Build | House |
| 8:49 | Build | House |
| 8:51 | Build | House |
| 8:52 | Build | House |
| 8:53 | Build | House |
| 8:54 | Build | House |
| 8:55 | Build | House |
| 8:55 | Build | House |
| 8:57 | Build | House |
| 9:17 | Build | Farm |
| 9:18 | Build | Farm |
| 9:20 | Build | Farm |
| 9:21 | Build | Farm |
| 9:23 | Build | Farm |
| 9:24 | Build | Farm |
| 9:26 | Build | Farm |
| 9:41 | Build | Farm |
| 9:43 | Build | Farm |
Build order — Luxor
First 150 of 2872 actions detected
| 0:15 | Build | Town Center |
| 0:19 | Build | Town Center |
| 0:32 | Build | Town Center |
| 0:35 | Build | Town Center |
| 0:37 | Build | Town Center |
| 0:39 | Build | Town Center |
| 0:55 | Build | Market |
| 0:58 | Build | Market |
| 1:00 | Build | Market |
| 1:02 | Build | Market |
| 1:16 | Build | Lumber Camp |
| 1:26 | Build | House |
| 1:26 | Build | House |
| 1:27 | Build | House |
| 1:28 | Build | House |
| 1:28 | Build | House |
| 1:28 | Build | House |
| 1:29 | Build | House |
| 1:29 | Build | House |
| 1:30 | Build | House |
| 1:31 | Build | House |
| 1:31 | Build | House |
| 1:32 | Build | House |
| 1:32 | Build | House |
| 1:32 | Build | House |
| 1:33 | Build | House |
| 1:35 | Build | House |
| 1:35 | Build | House |
| 1:35 | Build | House |
| 1:35 | Build | House |
| 1:40 | Build | House |
| 1:40 | Build | House |
| 1:41 | Build | House |
| 1:42 | Build | House |
| 1:43 | Build | House |
| 1:43 | Build | House |
| 1:44 | Build | House |
| 1:44 | Build | House |
| 1:45 | Build | House |
| 1:46 | Build | House |
| 1:46 | Build | House |
| 1:46 | Build | House |
| 1:47 | Build | House |
| 1:47 | Build | House |
| 1:51 | Build | House |
| 1:51 | Build | House |
| 1:51 | Build | House |
| 1:53 | Build | House |
| 1:53 | Build | House |
| 1:54 | Build | House |
| 1:54 | Build | House |
| 1:57 | Build | House |
| 1:57 | Build | House |
| 1:58 | Build | House |
| 1:59 | Build | House |
| 2:00 | Build | House |
| 2:00 | Build | House |
| 2:01 | Build | House |
| 2:01 | Build | House |
| 2:02 | Build | House |
| 2:02 | Build | House |
| 2:03 | Build | House |
| 2:03 | Build | House |
| 2:04 | Build | House |
| 2:04 | Build | House |
| 2:05 | Build | House |
| 2:05 | Build | House |
| 2:06 | Build | House |
| 2:08 | Build | House |
| 2:09 | Build | House |
| 2:09 | Build | House |
| 2:10 | Build | House |
| 2:10 | Build | House |
| 2:11 | Build | House |
| 2:11 | Build | House |
| 2:12 | Build | House |
| 2:12 | Build | House |
| 2:13 | Build | House |
| 2:13 | Build | House |
| 2:13 | Build | House |
| 2:18 | Build | House |
| 2:18 | Build | House |
| 2:19 | Build | House |
| 2:19 | Build | House |
| 2:19 | Build | House |
| 2:20 | Build | House |
| 2:20 | Build | House |
| 2:20 | Build | House |
| 2:26 | Build | House |
| 3:19 | Create | Villager (Male) |
| 3:20 | Create | Villager (Male) |
| 3:20 | Create | Villager (Male) |
| 3:20 | Create | Villager (Male) |
| 3:21 | Create | Villager (Male) |
| 3:21 | Create | Villager (Male) |
| 3:21 | Create | Villager (Male) |
| 3:21 | Create | Villager (Male) |
| 3:22 | Create | Villager (Male) |
| 3:22 | Create | Villager (Male) |
| 3:22 | Create | Villager (Male) |
| 3:23 | Create | Villager (Male) |
| 3:23 | Create | Villager (Male) |
| 3:23 | Create | Villager (Male) |
| 3:23 | Create | Villager (Male) |
| 3:24 | Create | Villager (Male) |
| 3:24 | Create | Villager (Male) |
| 3:24 | Create | Villager (Male) |
| 3:25 | Create | Villager (Male) |
| 3:25 | Create | Villager (Male) |
| 3:25 | Create | Villager (Male) |
| 3:25 | Create | Villager (Male) |
| 3:26 | Create | Villager (Male) |
| 3:26 | Create | Villager (Male) |
| 3:26 | Create | Villager (Male) |
| 3:27 | Create | Villager (Male) |
| 3:27 | Create | Villager (Male) |
| 3:27 | Create | Villager (Male) |
| 3:27 | Create | Villager (Male) |
| 3:28 | Create | Villager (Male) |
| 3:28 | Create | Villager (Male) |
| 3:28 | Create | Villager (Male) |
| 3:29 | Create | Villager (Male) |
| 3:29 | Create | Villager (Male) |
| 3:29 | Create | Villager (Male) |
| 3:30 | Create | Villager (Male) |
| 3:30 | Create | Villager (Male) |
| 3:30 | Create | Villager (Male) |
| 3:30 | Create | Villager (Male) |
| 3:31 | Create | Villager (Male) |
| 3:31 | Create | Villager (Male) |
| 3:31 | Create | Villager (Male) |
| 3:32 | Create | Villager (Male) |
| 3:32 | Create | Villager (Male) |
| 3:32 | Create | Villager (Male) |
| 3:32 | Create | Villager (Male) |
| 3:33 | Create | Villager (Male) |
| 3:33 | Create | Villager (Male) |
| 3:33 | Create | Villager (Male) |
| 3:34 | Create | Villager (Male) |
| 3:34 | Create | Villager (Male) |
| 3:34 | Create | Villager (Male) |
| 7:25 | Create | Trade Cart |
| 7:26 | Create | Trade Cart |
| 7:26 | Create | Trade Cart |
| 7:26 | Create | Trade Cart |
| 7:27 | Create | Trade Cart |
| 7:27 | Create | Trade Cart |
| 7:27 | Create | Trade Cart |
| 7:28 | Create | Trade Cart |
| 7:28 | Create | Trade Cart |
Build order — visorvoyager
First 150 of 837 actions detected
| 0:10 | Build | Town Center |
| 0:12 | Build | Town Center |
| 0:13 | Build | Town Center |
| 0:15 | Build | Town Center |
| 0:16 | Build | Town Center |
| 0:18 | Build | Town Center |
| 0:19 | Build | Town Center |
| 0:20 | Build | Town Center |
| 0:22 | Build | Town Center |
| 0:24 | Build | Town Center |
| 0:26 | Build | Town Center |
| 0:34 | Create | Villager (Male) ×5 |
| 0:34 | Create | Villager (Male) ×5 |
| 0:34 | Create | Villager (Male) ×5 |
| 0:56 | Create | Villager (Male) ×5 |
| 0:56 | Create | Villager (Male) ×5 |
| 0:56 | Create | Villager (Male) ×5 |
| 0:57 | Create | Villager (Male) ×5 |
| 0:57 | Create | Villager (Male) ×5 |
| 0:58 | Create | Villager (Male) ×5 |
| 0:59 | Create | Villager (Male) |
| 1:22 | Build | Market |
| 1:25 | Build | Market |
| 1:27 | Build | Market |
| 1:33 | Build | Market |
| 1:48 | Create | Villager (Male) ×5 |
| 1:49 | Create | Villager (Male) ×5 |
| 1:49 | Create | Villager (Male) ×5 |
| 1:49 | Create | Villager (Male) ×5 |
| 1:49 | Create | Villager (Male) ×5 |
| 1:50 | Create | Villager (Male) ×5 |
| 1:50 | Create | Villager (Male) ×5 |
| 2:03 | Build | Lumber Camp |
| 2:21 | Build | House |
| 2:22 | Build | House |
| 2:24 | Build | House |
| 2:25 | Build | House |
| 2:26 | Build | House |
| 2:27 | Build | House |
| 2:28 | Build | House |
| 2:29 | Build | House |
| 2:31 | Build | House |
| 2:32 | Build | House |
| 2:34 | Build | House |
| 2:35 | Build | House |
| 2:36 | Build | House |
| 2:37 | Build | House |
| 2:39 | Build | House |
| 2:41 | Build | House |
| 2:42 | Build | House |
| 2:43 | Build | House |
| 2:44 | Build | House |
| 2:45 | Build | House |
| 2:48 | Build | House |
| 2:49 | Build | House |
| 2:50 | Build | House |
| 2:54 | Build | House |
| 2:56 | Build | House |
| 2:57 | Build | House |
| 2:58 | Build | House |
| 2:59 | Build | House |
| 3:01 | Build | House |
| 3:03 | Build | House |
| 3:05 | Build | House |
| 3:06 | Build | House |
| 3:08 | Build | House |
| 3:09 | Build | House |
| 3:11 | Build | House |
| 3:12 | Build | House |
| 3:13 | Build | House |
| 3:15 | Build | House |
| 3:16 | Build | House |
| 3:17 | Build | House |
| 3:19 | Build | House |
| 3:21 | Build | House |
| 3:24 | Build | House |
| 3:25 | Build | House |
| 3:26 | Build | House |
| 3:27 | Build | House |
| 3:30 | Build | House |
| 3:31 | Build | House |
| 3:32 | Build | House |
| 3:34 | Build | House |
| 3:35 | Build | House |
| 3:37 | Build | House |
| 3:38 | Build | House |
| 3:39 | Build | House |
| 3:40 | Build | House |
| 3:42 | Build | House |
| 3:43 | Build | House |
| 3:44 | Build | House |
| 3:45 | Build | House |
| 3:47 | Build | House |
| 4:27 | Build | Mining Camp |
| 4:31 | Create | Villager (Male) ×5 |
| 4:31 | Create | Villager (Male) ×5 |
| 4:31 | Create | Villager (Male) ×5 |
| 4:32 | Create | Villager (Male) ×5 |
| 4:32 | Create | Villager (Male) ×5 |
| 4:32 | Create | Villager (Male) ×5 |
| 4:33 | Create | Villager (Male) ×5 |
| 4:33 | Create | Villager (Male) ×5 |
| 4:33 | Create | Villager (Male) ×5 |
| 4:34 | Create | Villager (Male) ×5 |
| 4:34 | Create | Villager (Male) ×5 |
| 4:34 | Create | Villager (Male) ×5 |
| 4:34 | Create | Villager (Male) ×5 |
| 4:35 | Create | Villager (Male) ×5 |
| 4:35 | Create | Villager (Male) ×5 |
| 4:35 | Create | Villager (Male) ×5 |
| 4:36 | Create | Villager (Male) ×5 |
| 4:36 | Create | Villager (Male) ×5 |
| 4:36 | Create | Villager (Male) ×5 |
| 4:36 | Create | Villager (Male) ×5 |
| 4:37 | Create | Villager (Male) ×5 |
| 4:37 | Create | Villager (Male) ×5 |
| 4:37 | Create | Villager (Male) ×5 |
| 4:53 | Build | Mining Camp |
| 5:47 | Build | Stone Wall |
| 6:03 | Build | Gate |
| 6:05 | Build | Gate |
| 6:08 | Build | Gate |
| 6:09 | Build | Gate |
| 6:11 | Build | Gate |
| 6:13 | Build | Gate |
| 6:16 | Build | Gate |
| 6:41 | Build | Mining Camp |
| 7:16 | Build | Mining Camp |
| 7:28 | Build | Mining Camp |
| 7:37 | Create | Villager (Male) ×5 |
| 7:37 | Create | Villager (Male) ×5 |
| 7:37 | Create | Villager (Male) ×5 |
| 7:38 | Create | Villager (Male) ×5 |
| 7:38 | Create | Villager (Male) ×5 |
| 7:38 | Create | Villager (Male) ×5 |
| 7:38 | Create | Villager (Male) ×5 |
| 7:39 | Create | Villager (Male) ×5 |
| 7:39 | Create | Villager (Male) ×5 |
| 7:39 | Create | Villager (Male) ×5 |
| 7:40 | Create | Villager (Male) ×5 |
| 7:40 | Create | Villager (Male) ×5 |
| 7:41 | Create | Villager (Male) ×5 |
| 7:41 | Create | Villager (Male) ×5 |
| 7:41 | Create | Villager (Male) ×5 |
| 7:41 | Create | Villager (Male) ×5 |
| 7:42 | Create | Villager (Male) ×5 |
| 7:42 | Create | Villager (Male) ×5 |
| 7:42 | Create | Villager (Male) ×5 |
| 7:43 | Create | Villager (Male) ×5 |
| 7:43 | Create | Villager (Male) ×5 |
Build order — Scrotus Maxis
First 150 of 1847 actions detected
| 0:01 | Create | Villager (Male) |
| 0:01 | Create | Villager (Male) |
| 0:02 | Create | Villager (Male) |
| 0:03 | Build | House |
| 0:24 | Build | Town Center |
| 0:35 | Build | Town Center |
| 0:50 | Build | Town Center |
| 0:56 | Create | Villager (Male) |
| 0:56 | Create | Villager (Male) |
| 1:09 | Build | Town Center |
| 1:13 | Create | Villager (Male) |
| 1:14 | Create | Villager (Male) |
| 1:14 | Create | Villager (Male) |
| 1:26 | Build | Siege Workshop |
| 1:26 | Build | Siege Workshop |
| 1:27 | Build | Siege Workshop |
| 1:28 | Build | Siege Workshop |
| 1:29 | Build | Siege Workshop |
| 1:43 | Create | Villager (Male) |
| 1:43 | Create | Villager (Male) |
| 1:44 | Create | Villager (Male) |
| 1:45 | Create | Villager (Male) |
| 1:45 | Create | Villager (Male) |
| 1:45 | Create | Villager (Male) |
| 1:46 | Create | Villager (Male) |
| 1:55 | Build | Market |
| 1:57 | Build | Market |
| 1:58 | Build | Market |
| 2:00 | Build | Market |
| 2:03 | Build | Market |
| 2:06 | Create | Villager (Male) |
| 2:06 | Create | Villager (Male) |
| 2:06 | Create | Villager (Male) |
| 2:07 | Create | Villager (Male) |
| 2:07 | Create | Villager (Male) |
| 2:07 | Create | Villager (Male) |
| 2:16 | Create | Villager (Male) |
| 2:17 | Create | Villager (Male) |
| 2:18 | Create | Villager (Male) |
| 2:18 | Create | Villager (Male) |
| 2:18 | Create | Villager (Male) |
| 2:18 | Create | Villager (Male) |
| 2:19 | Create | Villager (Male) |
| 2:19 | Create | Villager (Male) |
| 2:19 | Create | Villager (Male) |
| 2:20 | Create | Villager (Male) |
| 2:20 | Create | Villager (Male) |
| 2:20 | Create | Villager (Male) |
| 2:21 | Create | Villager (Male) |
| 2:21 | Create | Villager (Male) |
| 2:21 | Create | Villager (Male) |
| 2:22 | Create | Villager (Male) |
| 2:22 | Create | Villager (Male) |
| 2:22 | Create | Villager (Male) |
| 2:23 | Create | Villager (Male) |
| 2:23 | Create | Villager (Male) |
| 2:23 | Create | Villager (Male) |
| 2:24 | Create | Villager (Male) |
| 2:24 | Create | Villager (Male) |
| 2:40 | Build | House |
| 2:41 | Build | House |
| 2:43 | Build | House |
| 2:44 | Build | House |
| 2:45 | Build | House |
| 2:46 | Build | House |
| 2:47 | Build | House |
| 2:49 | Build | House |
| 2:50 | Build | House |
| 2:51 | Build | House |
| 2:54 | Create | Villager (Male) |
| 2:55 | Create | Villager (Male) |
| 2:55 | Create | Villager (Male) |
| 2:56 | Create | Villager (Male) |
| 2:56 | Create | Villager (Male) |
| 2:56 | Create | Villager (Male) |
| 3:01 | Build | Farm |
| 3:02 | Build | Farm |
| 3:03 | Build | Farm |
| 3:05 | Build | Farm |
| 3:12 | Build | Castle |
| 3:26 | Create | Scorpion |
| 3:26 | Create | Scorpion |
| 3:26 | Create | Scorpion |
| 3:27 | Create | Scorpion |
| 3:27 | Create | Scorpion |
| 3:27 | Create | Scorpion |
| 3:28 | Create | Scorpion |
| 3:28 | Create | Scorpion |
| 3:28 | Create | Scorpion |
| 3:29 | Create | Scorpion |
| 3:29 | Create | Scorpion |
| 3:29 | Create | Scorpion |
| 3:30 | Create | Scorpion |
| 3:30 | Create | Scorpion |
| 3:30 | Create | Scorpion |
| 3:31 | Create | Scorpion |
| 3:31 | Create | Scorpion |
| 3:31 | Create | Scorpion |
| 3:32 | Create | Scorpion |
| 3:32 | Create | Scorpion |
| 3:33 | Create | Scorpion |
| 3:33 | Create | Scorpion |
| 3:38 | Build | Siege Workshop |
| 3:39 | Build | Siege Workshop |
| 3:45 | Build | Castle |
| 3:46 | Build | Castle |
| 3:53 | Create | Villager (Male) |
| 3:54 | Create | Villager (Male) |
| 3:55 | Create | Villager (Male) |
| 3:55 | Create | Villager (Male) |
| 3:55 | Create | Villager (Male) |
| 3:58 | Build | Farm |
| 3:59 | Build | Farm |
| 4:04 | Build | Farm |
| 4:05 | Build | Farm |
| 4:07 | Build | Farm |
| 4:10 | Build | Farm |
| 4:14 | Build | Farm |
| 4:18 | Build | Farm |
| 4:21 | Create | Villager (Male) |
| 4:21 | Create | Villager (Male) |
| 4:22 | Create | Villager (Male) |
| 4:22 | Create | Villager (Male) |
| 4:27 | Create | Villager (Male) |
| 4:27 | Create | Villager (Male) |
| 4:29 | Build | Farm |
| 4:35 | Build | Farm |
| 4:38 | Create | Villager (Male) |
| 4:38 | Create | Villager (Male) |
| 4:39 | Create | Villager (Male) |
| 4:39 | Create | Villager (Male) |
| 4:39 | Create | Villager (Male) |
| 4:40 | Create | Villager (Male) |
| 4:41 | Create | Villager (Male) |
| 4:41 | Create | Villager (Male) |
| 4:50 | Build | Mining Camp |
| 4:54 | Build | Farm |
| 5:04 | Build | House |
| 5:06 | Build | House |
| 5:12 | Build | House |
| 5:13 | Build | House |
| 5:15 | Build | House |
| 5:16 | Build | House |
| 5:18 | Build | House |
| 5:21 | Create | Villager (Male) |
| 5:21 | Create | Villager (Male) |
| 5:22 | Create | Villager (Male) |
| 5:22 | Create | Villager (Male) |
| 5:23 | Create | Villager (Male) |
| 5:23 | Create | Villager (Male) |
Match timeline
| 1:26 | Scrotus Maxis · first_building Siege Workshop |
| 1:35 | Legolas · wall_segment Stone Wall x66 |
| 3:12 | Scrotus Maxis · first_building Castle |
| 4:02 | visorvoyager · first_market_buy 500 stone |
| 4:11 | isegrim64 · wall_segment Stone Wall x47 |
| 5:06 | IsaacNewton · first_building Castle |
| 5:13 | mark.adverai · first_building Siege Workshop |
| 5:46 | IsaacNewton · wall_segment Stone Wall x49 |
| 5:47 | visorvoyager · wall_segment Stone Wall x61 |
| 6:07 | Scrotus Maxis · first_building Monastery |
| 7:40 | mark.adverai · wall_segment Stone Wall x26 |
| 7:45 | mark.adverai · wall_segment Stone Wall x27 |
| 7:59 | Legolas · first_building Castle |
| 8:43 | Legolas · wall_segment Stone Wall x73 |
| 8:46 | Scrotus Maxis · first_building Stable |
| 9:03 | Luxor · first_building Stable |
| 9:19 | Luxor · first_building Barracks |
| 9:26 | mark.adverai · wall_segment Stone Wall x108 |
| 9:30 | Scrotus Maxis · wall_segment Stone Wall x6 |
| 9:37 | IsaacNewton · first_building Siege Workshop |
| 9:45 | Legolas · first_building Siege Workshop |
| 9:53 | Scrotus Maxis · wall_segment Stone Wall x6 |
| 10:21 | St Johns Noob · wall_segment Stone Wall x59 |
| 10:24 | mark.adverai · wall_segment Stone Wall x58 |
| 10:29 | Legolas · first_building Barracks |
| 10:42 | Luxor · first_building Archery Range |
| 10:49 | St Johns Noob · wall_segment Stone Wall x52 |
| 11:15 | isegrim64 · first_building Castle |
| 11:29 | isegrim64 · first_building Stable |
| 11:55 | Scrotus Maxis · wall_segment Stone Wall x28 |
| 12:25 | Scrotus Maxis · wall_segment Stone Wall x22 |
| 12:37 | visorvoyager · first_building Castle |
| 13:13 | St Johns Noob · wall_segment Stone Wall x63 |
| 13:41 | Legolas · wall_segment Stone Wall x33 |
| 13:51 | mark.adverai · wall_segment Stone Wall x44 |
| 13:52 | St Johns Noob · wall_segment Stone Wall x41 |
| 13:59 | Legolas · first_market_buy 100 stone |
| 14:01 | mark.adverai · wall_segment Stone Wall x19 |
| 14:02 | mark.adverai · wall_segment Stone Wall x11 |
| 14:06 | mark.adverai · wall_segment Stone Wall x23 |
| 14:12 | Luxor · first_building Castle |
| 14:18 | mark.adverai · wall_segment Stone Wall x24 |
| 14:20 | St Johns Noob · wall_segment Stone Wall x21 |
| 14:25 | mark.adverai · wall_segment Stone Wall x46 |
| 14:38 | mark.adverai · wall_segment Stone Wall x45 |
| 14:43 | St Johns Noob · first_building Castle |
| 14:57 | IsaacNewton · first_market_buy 500 stone |
| 14:59 | isegrim64 · wall_segment Stone Wall x14 |
| 15:03 | IsaacNewton · first_market_sell 500 wood |
| 15:07 | mark.adverai · wall_segment Stone Wall x5 |
| 15:26 | mark.adverai · first_building Stable |
| 15:28 | IsaacNewton · first_building Stable |
| 15:34 | visorvoyager · first_building Barracks |
| 15:37 | mark.adverai · wall_segment Stone Wall x16 |
| 16:04 | visorvoyager · first_building Siege Workshop |
| 16:12 | Legolas · wall_segment Stone Wall x40 |
| 16:18 | St Johns Noob · first_building Siege Workshop |
| 16:26 | St Johns Noob · first_building Stable |
| 16:42 | visorvoyager · first_building Stable |
| 17:12 | visorvoyager · first_building Archery Range |
| 17:28 | mark.adverai · wall_segment Stone Wall x12 |
| 17:56 | Legolas · wall_segment Stone Wall x23 |
| 19:18 | isegrim64 · first_building Siege Workshop |
| 19:23 | mark.adverai · wall_segment Stone Wall x32 |
| 20:07 | Legolas · wall_segment Stone Wall x74 |
| 20:19 | mark.adverai · wall_segment Stone Wall x2 |
| 20:21 | mark.adverai · wall_segment Stone Wall x11 |
| 21:39 | isegrim64 · first_building Barracks |
| 23:08 | isegrim64 · first_market_buy 100 stone |
| 24:03 | Scrotus Maxis · wall_segment Stone Wall x9 |
| 24:19 | St Johns Noob · first_building Barracks |
| 24:29 | mark.adverai · wall_segment Stone Wall x30 |
| 24:45 | mark.adverai · wall_segment Stone Wall x7 |
| 24:45 | mark.adverai · wall_segment Stone Wall x3 |
| 24:45 | mark.adverai · wall_segment Stone Wall x4 |
| 24:46 | mark.adverai · wall_segment Stone Wall x5 |
| 24:46 | mark.adverai · wall_segment Stone Wall x11 |
| 29:21 | mark.adverai · first_market_buy 500 wood |
| 31:24 | mark.adverai · wall_segment Stone Wall x4 |
| 31:26 | IsaacNewton · first_building Barracks |
| 41:15 | Luxor · wall_segment Stone Wall x22 |
| 45:01 | Luxor · wall_segment Stone Wall x10 |
| 48:31 | Luxor · wall_segment Stone Wall x26 |
| 48:35 | Luxor · wall_segment Stone Wall x13 |
| 50:38 | Scrotus Maxis · first_market_buy 500 wood |
| 51:17 | isegrim64 · first_market_sell 100 food |
| 52:43 | Luxor · wall_segment Stone Wall x25 |
| 54:01 | Scrotus Maxis · first_market_sell 500 food |
| 54:49 | mark.adverai · first_building Archery Range |
| 55:51 | Scrotus Maxis · wall_segment Stone Wall x16 |
| 57:09 | mark.adverai · wall_segment Stone Wall x15 |
| 57:45 | Scrotus Maxis · resign |
| 58:01 | mark.adverai · wall_segment Stone Wall x6 |
| 58:25 | mark.adverai · wall_segment Stone Wall x8 |
| 60:38 | mark.adverai · wall_segment Stone Wall x3 |
| 60:39 | mark.adverai · wall_segment Stone Wall x17 |
[ AI ANALYSIS · 1 CREDIT ]
What really happened in this match?
Wolo.gg analyzes every decision: build order, eco, micro, common mistakes by bracket. Personalized analysis on WhatsApp or Discord in 30 seconds.
Civ guide
Khmer
Perfil
Jugador #4124521